 Dungeon Crawl Stone Soup version 0.27-a0-1136-g0b992a5a9d (webtiles) character file.

Game seed: 13723740312201928976

168 Lanoc the Sneak (level 5, -3/28 HPs)
             Began as a Vine Stalker Delver on May 5, 2021.
             Slain by Pikel
             ... wielding a +0 whip of electrocution
              (11 damage)
             ... on level 4 of the Dungeon.
             The game lasted 00:04:33 (3007 turns).

Lanoc the Sneak (Vine Stalker Delver)               Turns: 3007, Time: 00:04:34

Health: -3/28      AC:  3    Str: 14    XL:     5   Next: 49%
Magic:  0/6        EV: 16    Int: 10    God:
Gold:   44         SH:  0    Dex: 17    Spells: 4/4 levels left

rFire    . . .     SeeInvis .   a - +0 falchion
rCold    . . .     Faith    .   (no shield)
rNeg     . . .     Spirit   +   b - +0 leather armour
rPois    .         Reflect  .   (no helmet)
rElec    .         Harm     .   (no cloak)
rCorr    .         Rampage  .   (no gloves)
Will     .....                  (no boots)
Stlth    +++.......             (no amulet)
HPRegen  1.09/turn              q - +4 ring of evasion
MPRegen  0.10/turn              (no ring)

@: no status effects
A: fangs 2, regeneration 1, magic shield, antimagic bite, no potion heal 2
a: no special abilities


You were on level 4 of the Dungeon.
You visited 1 branch of the dungeon, and saw 4 of its levels.

You collected 44 gold pieces.

Inventory:

Hand Weapons
 a - a +0 falchion (weapon)
Armour
 b - a +0 leather armour (worn)
Jewellery
 q - a +4 ring of evasion (left hand)
Wands
 g - a wand of digging (3)
 o - a wand of paralysis (8)
Scrolls
 c - a scroll of fog
 d - 2 scrolls of magic mapping
 e - 3 scrolls of fear
 j - a scroll of enchant armour {unknown}
 l - a scroll of amnesia {unknown}
 m - a scroll of brand weapon {unknown}
 n - a scroll of blinking {unknown}
Potions
 f - a potion of haste
 i - a potion of curing {unknown}
 k - 2 potions of might {unknown}
 p - a potion of degeneration {unknown}


   Skills:
 + Level 3.5 Fighting
 * Level 3.7 Long Blades
 + Level 2.6 Dodging
 - Level 6.0 Stealth


You had 4 spell levels left.
You didn't know any spells.
Your spell library contained the following spells:

 Spells                   Type           Power      Damage    Failure   Level
 Magic Dart               Conj           0%         1d3       43%         1
 Blink                    Tloc           N/A        N/A       58%         2
 Call Imp                 Summ           0%         N/A       58%         2
 Slow                     Hex            0%         N/A       58%         2
 Conjure Flame            Conj/Fire      0%         6-21      82%         3
 Mephitic Cloud           Conj/Pois/Air  0%         N/A       82%         3


Dungeon Overview and Level Annotations

Branches:
Dungeon (5/15)
 Temple: D:4-7

Altars:

Shops:
D:2 *!

Annotations:
D:4 Pikel
D:5 Eustachio


Innate Abilities, Weirdness & Mutations

You have extremely sharp teeth.
Your natural rate of healing is unusually fast.
When hurt, damage is shared between your health and your magic reserves.
Your bite disrupts and absorbs the magic of your enemies.
Potions cannot restore your health.


Message History

Pikel is lightly wounded.
Pikel barely misses you.
You barely miss Pikel.
Pikel is lightly wounded.
Pikel closely misses you.
You hit Pikel. Your bite misses Pikel.
Pikel is lightly wounded.
Pikel barely misses you.
You riposte.
You hit Pikel but do no damage.
Pikel is lightly wounded.
You hit Pikel.
Pikel is moderately wounded.
Pikel misses you.
You riposte.
You closely miss Pikel. You bite Pikel. You drain his power.
You feel invigorated.
Pikel is moderately wounded.
You hit Pikel but do no damage.
Pikel is moderately wounded.
Pikel misses you.
You hit Pikel but do no damage.
Pikel is moderately wounded.
Pikel hits you with a +0 whip of electrocution!
You are electrocuted!
* * * LOW HITPOINT WARNING * * *
Found a fuming blue potion.
Found 7 stones.
You open the door. You closely miss Pikel.
Pikel is lightly wounded.
Pikel barely misses you.
You riposte.
You completely miss Pikel. You bite Pikel, but do no damage.
Pikel is lightly wounded.
You closely miss Pikel. Your bite misses Pikel.
Pikel is lightly wounded.
The lemure misses you.
Pikel hits you with a +0 whip of electrocution.
You are electrocuted!
Ouch! That really hurt!
The lemure hits you.
* * * LOW HITPOINT WARNING * * *
Pikel hits you with a +0 whip of electrocution!
You die...

..... ........# .#... ... .......
....... ... ..... ........ .(.
...# ........
.######.######..###### ........
..............<....... ........
...................#### #.#...#
#.................... ......#
#.#@###.........#### ......#
#...K5.............. ......#
+...5............#.# ..#...#
#......###..#.#..#.# ..#.....
#.......###...5....... ..#.#.##
.........#.......#..... ..#.#.#
..........#.#...........
..#)#.##.....#...###.##....##...#
..#..........#.###...##....##....


You could see Pikel and 2 lemures.

Vanquished Creatures
  An iguana (D:4)
  Terence (D:3)
  A hound skeleton (D:3)
  2 howler monkey skeletons
  3 adders
  An ufetubus (D:3)
  A worm (D:2)
  A dart slug (D:3)
  6 orcs
  A bat (D:3)
  An endoplasm (D:3)
  3 giant cockroaches
  5 goblins
  3 hobgoblins
  4 jackals (D:4)
  4 kobolds
  2 quokkas
  2 ball pythons (D:2)
  3 rats
45 creatures vanquished.

Notes
Turn   | Place    | Note
-------+----------+-------------------------------------------
     0 | D:5      | Lanoc the Vine Stalker Delver began the quest for the Orb.
     0 | D:5      | Reached XP level 1. HP: 11/11 MP: 2/2
     2 | D:5      | Noticed Eustachio
    50 | D:5      | Noticed a water moccasin
    80 | D:5      | Noticed a centaur
   400 | D:4      | Noticed a gnoll shaman
   413 | D:4      | Reached XP level 2. HP: 9/16 MP: 3/3
   579 | D:2      | Found Diaxazy's General Store.
   604 | D:2      | Found Zetholeph's Distillery.
  1228 | D:2      | Reached XP level 3. HP: 15/20 MP: 4/4
  2296 | D:3      | Noticed Terence
  2300 | D:3      | Gained mutation: Your natural rate of healing is unusually
                  | fast. [Vine Stalker growth]
  2300 | D:3      | Reached XP level 4. HP: 24/24 MP: 5/5
  2305 | D:3      | Killed Terence
  2499 | D:3      | Reached XP level 5. HP: 28/28 MP: 6/6
  2742 | D:4      | Noticed Pikel
  2742 | D:4      | Noticed a lemure
  2742 | D:4      | Noticed a lemure
  2742 | D:4      | Noticed a lemure
  2742 | D:4      | Noticed a lemure
  3007 | D:4      | Slain by Pikel

Illustrated notes

Levels and vault maps discovered:
D:2:      minmay_wonky_spiral, layout_loops_corners, serial_shops, shop,
          shop_fountains
D:3:      layout_basic, uniq_terence
D:4:      minmay_skewed_foursquare, layout_basic, uniq_grinder, uniq_pikel
D:5:      minmay_general_purpose_star, layout_loops_ring,
          general_overflow_altar, uniq_sigmund, uniq_duvessa, uniq_edmund,
          uniq_eustachio

Skill      XL: |  1  2  3  4 |
---------------+-------------+-----
Long Blades    | 2 3 |  3.7
Fighting       | 3 |  3.5
Dodging        | 2 |  2.6
Stealth        | |  6.0

Action                   |  1- 3 |  4- 6 || total
-------------------------+-------+-------++-------
Melee: Falchion          |    61 |    75 ||   136
       Bite              |    23 |    37 ||    60
Throw: Dart              |     2 |     2 ||     4
 Stab: Sleeping          |     6 |     2 ||     8
       Distracted        |     1 |       ||     1
Armor: Leather armour    |     5 |    14 ||    19
Dodge: Dodged            |    34 |    70 ||   104
       Rpst.: Falchion   |     9 |    26 ||    35

Table legend: (Time is in decaauts)
 A = Elapsed time spent in this place.
 B = Non-inter-level travel time spent in this place.
 C = Inter-level travel time spent in this place.
 D = Time resting spent in this place.
 E = Time spent auto-exploring this place.
 F = Levels seen in this place.
 G = Mean time per level.
                   A        B        C        D        E       F      G
               +--------+--------+--------+--------+--------+-----+--------+
         Total |   3027 |   2971 |     56 |    252 |   2095 |   4 |  756.8 |
       Dungeon |   3027 |   2971 |     56 |    252 |   2095 |   4 |  756.8 |
               +--------+--------+--------+--------+--------+-----+--------+

Top non-repeatable levels by time:
     D:2: 1169 daAuts
     D:3: 1141 daAuts
     D:5: 381 daAuts
     D:4: 335 daAuts
